 Dungeon Crawl Stone Soup version 0.30-a0-135-g630cfc4551 (webtiles) character file.

Game seed: 2991371384317901401

2662771 DocSulfur the Executioner (level 27, 246/246 HPs)
             Began as a Ghoul Monk on Sept 20, 2022.
             Was a High Priest of Okawaru.
             Escaped with the Orb
             ... and 5 runes on Sept 21, 2022!
             The game lasted 05:36:21 (92460 turns).

DocSulfur the Executioner (Ghoul Monk)             Turns: 92460, Time: 05:36:22

Health: 246/246    AC: 44    Str: 47    XL:     27
Magic:  36/36      EV: 20    Int: 10    God:    Okawaru [*****.]
Gold:   483        SH:  0    Dex: 15    Spells: 26/36 levels left

rFire   + + .      SeeInvis +    U - +9 executioner's axe (elec)
rCold   + + +      Faith    .    (shield currently unavailable)
rNeg    + + +      Spirit   .    z - +15 plate armour of the Realm of Zot {Rampage rF+ rC++ Stlth-}
rPois   ∞          Reflect  .    Z - +2 helmet {Int+3}
rElec   +          Harm     .    i - scarf {rC+ rF+}
rCorr   +          Rampage  +    b - +2 pair of gloves {infuse}
Will    +++..                    v - +0 pair of boots of Salvation {rElec rPois rCorr Str+4}
Stlth   ..........               B - amulet of Bubaogg {Acrobat Will+ Str+4 Stlth+}
HPRegen 0.51/turn                M - +6 ring of strength
MPRegen 0.25/turn                D - ring "Fugawniz" {Str+10 Slay-5 SInv}

@: no status effects
A: claws 1, cold resistance 1, negative energy resistance 3, inhibited
regeneration, torment resistance 2, devour on kill
0: Orb of Zot
}: 5/15 runes: serpentine, barnacled, slimy, silver, abyssal
a: Renounce Religion, Heroism, Finesse, Duel


You escaped.
You worshipped Okawaru.
Okawaru was extremely pleased with you.
You visited 14 branches of the dungeon, and saw 58 of its levels.
You visited the Abyss 2 times.
You visited 2 bazaars.
You also visited: Wizlab.

You collected 8788 gold pieces.
You spent 8305 gold pieces at shops.

Inventory:

Hand Weapons
 h - a +9 vampiric executioner's axe
 p - a +9 antimagic battleaxe
 P - the +3 executioner's axe of the Shark {vorpal, rF+ Int+8}
   (You found it on level 5 of the Vaults)

   It inflicts extra damage upon your enemies.
   Int:       It affects your intelligence (+8).
   rF:        It protects you from fire.
 U - a +9 executioner's axe of electrocution (weapon)
Missiles
 t - 21 boomerangs of dispersal
 w - 21 boomerangs
 G - a throwing net
 L - 5 curare-tipped darts
 V - 16 silver javelins (quivered)
 Y - 26 javelins
Armour
 b - a +2 pair of gloves of infusion (worn)
 i - a scarf of resistance (worn)
 v - the +0 pair of boots of Salvation (worn) {rElec rPois rCorr Str+4}
   (You found it on level 4 of the Dungeon)

   Str:       It affects your strength (+4).
   rElec:     It insulates you from electricity.
   rPois:     It protects you from poison.
   rCorr:     It protects you from acid and corrosion.
 z - the +15 plate armour of the Realm of Zot (worn) {Rampage rF+ rC++ Stlth-}
   (You bought it in a shop on level 2 of the Orcish Mines)

   rF:        It protects you from fire.
   rC:        It greatly protects you from cold.
   Rampage:   It bestows one free step when moving towards enemies.
   Stlth:     It makes you less stealthy.
 Z - a +2 helmet of intelligence (worn)
Jewellery
 a - the ring "Wolluug" {Ice rN+ Will+}
   (You acquired it on level 5 of the Vaults)

   [ring of ice]

   It enhances your ice magic.
   rF:        It makes you vulnerable to fire.
   rC:        It protects you from cold.
   rN:        It protects you from negative energy.
   Will:      It increases your willpower.
 x - the amulet of Vitality {RegenMP++ Regen++}
   (You found it on level 3 of the Crypt)

   [amulet of magic regeneration]

   It increases your rate of magic regeneration.
   Regen:     It increases your rate of health regeneration.
 A - the ring "Cuhe" {Fly rN+ rCorr}
   (You found it on level 3 of the Crypt)

   [ring of positive energy]

   rN:        It protects you from negative energy.
   Fly:       It grants you flight.
   rCorr:     It protects you from acid and corrosion.
 B - the amulet of Bubaogg (around neck) {Acrobat Will+ Str+4 Stlth+}
   (You bought it in a shop on level 1 of the Elven Halls)

   [amulet of the acrobat]

   It increases your evasion while moving and waiting.
   Str:       It affects your strength (+4).
   Will:      It increases your willpower.
   Stlth:     It makes you more stealthy.
 D - the ring "Fugawniz" (right hand) {Str+10 Slay-5 SInv}
   (You bought it in a shop on level 4 of the Vaults)

   [ring of see invisible]

   Str:       It affects your strength (+10).
   Slay:      It affects your accuracy & damage with ranged weapons and melee
   (-5).
   SInv:      It lets you see invisible.
 H - an amulet of guardian spirit
 M - a +6 ring of strength (left hand)
Wands
 d - a wand of mindburst (10)
 n - a wand of polymorph (7)
 q - a wand of acid (39)
 E - a wand of roots (38)
 J - a wand of digging (4)
Scrolls
 f - 10 scrolls of fear
 g - 8 scrolls of magic mapping
 j - 15 scrolls of vulnerability
 o - 3 scrolls of silence
 r - 10 scrolls of enchant armour
 s - 11 scrolls of immolation
 u - 16 scrolls of blinking
 C - 5 scrolls of torment
 O - 25 scrolls of teleportation
 S - 2 scrolls of acquirement
 X - 5 scrolls of poison
Potions
 c - 5 potions of haste
 e - 5 potions of attraction
 k - 5 potions of magic
 l - 30 potions of curing
 m - 3 potions of invisibility
 y - 6 potions of ambrosia
 F - 5 potions of resistance
 I - 6 potions of might
 Q - 4 potions of heal wounds
 R - 9 potions of brilliance
 T - 4 potions of cancellation
Miscellaneous
 K - a condenser vane
 N - a tin of tremorstones (2/2)
 W - a phial of floods


   Skills:
 - Level 20.0 Fighting
 - Level 22.0 Axes
 + Level 17.1 Throwing
 + Level 20.5 Armour
 + Level 20.4 Dodging
 - Level 3.4 Stealth
 - Level 5.0 Shields
 - Level 15.1 Unarmed Combat
 - Level 5.0 Spellcasting
 - Level 8.5 Translocations
 - Level 20.0 Invocations
 - Level 12.0 Evocations


You had 26 spell levels left.
You knew the following spells:

 Your Spells              Type           Power      Damage    Failure   Level
a - Apportation           Tloc           38%        N/A       1%          1
b - Blink                 Tloc           38%        N/A       2%          2
c - Lesser Beckoning      Tloc           19%        N/A       4%          3
d - Manifold Assault      Tloc           19%        N/A       17%         4

Your spell library contained the following spells:

 Spells                   Type           Power      Damage    Failure   Level
 Gell's Gravitas          Tloc           19%        N/A       4%          3
 Teleport Other           Tloc           19%        N/A       4%          3
 Passage of Golubria      Tloc           19%        N/A       17%         4
 Portal Projectile        Hex/Tloc       22%        N/A       28%         3
 Kindle Blastsparks       Fire/Tloc/Air  16%        2d11      45%         3
 Foxfire                  Conj/Fire      8%         2x1d4     50%         1
 Freeze                   Ice            8%         1d3       50%         1
 Magic Dart               Conj           8%         1d3       50%         1
 Necrotise                Necr           8%         1d4       50%         1
 Shock                    Conj/Air       8%         1d3       50%         1
 Slow                     Hex            8%         N/A       50%         1
 Cigotuvi's Dreadful Rot  Necr/Pois/Air  4%         N/A       63%         2
 Ensorcelled Hibernation  Hex/Ice        4%         N/A       63%         2
 Scorch                   Fire           4%         2d5       63%         2
 Static Discharge         Conj/Air       4%         2-3/arc   63%         2
 Iskenderun's Mystic Bla  Conj/Tloc      11%        2d4       67%         4
 Confusing Touch          Hex            2%         N/A       86%         3
 Dazzling Flash           Conj/Hex       4%         N/A       86%         3
 Frozen Ramparts          Ice            4%         1d1       86%         3
 Ignite Poison            Fire/Tmut/Pois 2%         N/A       86%         3
 Inner Flame              Hex/Fire       2%         N/A       86%         3
 Ozocubu's Armour         Ice            2%         N/A       86%         3
 Swiftness                Air            2%         N/A       86%         3
 Vampiric Draining        Necr           2%         2d6       86%         3
 Dispersal                Tloc           9%         N/A       95%         6
 Airstrike                Air            1%         2d(1-17)  99%         4
 Anguish                  Hex/Necr       1%         N/A       99%         4
 Cause Fear               Hex            1%         N/A       99%         4
 Dispel Undead            Necr           2%         3d7       99%         4
 Flame Wave               Conj/Fire      2%         2d4       99%         4
 Fulminant Prism          Conj/Hex       1%         3d6       99%         4
 Hailstorm                Conj/Ice       2%         3d3       99%         4
 Leda's Liquefaction      Hex/Erth       1%         N/A       99%         4
 Olgreb's Toxic Radiance  Pois           2%         N/A       99%         4
 Petrify                  Tmut/Erth      2%         N/A       99%         4
 Sticky Flame             Conj/Fire      2%         2d3       99%         4
 Agony                    Necr           2%         N/A       100%        5
 Fireball                 Conj/Fire      1%         3d3       100%        5
 Iskenderun's Battlesphe  Conj           2%         2d6       100%        5
 Lee's Rapid Deconstruct  Erth           1%         3d5*      100%        5
 Metabolic Englaciation   Hex/Ice        1%         N/A       100%        5
 Silence                  Hex/Air        1%         N/A       100%        5
 Yara's Violent Unravell  Hex/Tmut       1%         3d3       100%        5
 Conjure Ball Lightning   Conj/Air       1%         3x3d6     100%        6
 Eringya's Noxious Bog    Tmut/Pois      1%         N/A       100%        6
 Starburst                Conj/Fire      1%         6d3       100%        6
 Enfeeble                 Hex            1%         N/A       100%        7
 Orb of Destruction       Conj           1%         9d5       100%        7
 Ozocubu's Refrigeration  Ice            1%         4d7       100%        7
 Discord                  Hex            1%         N/A       100%        8
 Disjunction              Tloc           9%         N/A       100%        8
 Ignition                 Fire           1%         3d3       100%        8
 Chain Lightning          Conj/Air       1%         3d1       100%        9
 Fire Storm               Conj/Fire      1%         7d1       100%        9
 Shatter                  Erth           1%         3d5*      100%        9
 Beastly Appendage        Tmut           Unusable   N/A       N/A         1
 Summon Small Mammal      Summ           Unusable   N/A       N/A         1
 Call Canine Familiar     Summ           Unusable   N/A       N/A         3
 Spider Form              Tmut/Pois      Unusable   N/A       N/A         3
 Tukima's Dance           Hex            Unusable   N/A       N/A         3
 Summon Forest            Summ/Tloc      Unusable   N/A       N/A         5
 Ice Form                 Ice/Tmut       Unusable   N/A       N/A         4
 Summon Ice Beast         Ice/Summ       Unusable   N/A       N/A         4
 Death Channel            Necr           Unusable   N/A       N/A         6
 Simulacrum               Ice/Necr       Unusable   N/A       N/A         6
 Statue Form              Tmut/Erth      Unusable   N/A       N/A         6
 Summon Cactus Giant      Summ           Unusable   N/A       N/A         6
 Dragon Form              Tmut           Unusable   N/A       N/A         7
 Malign Gateway           Summ/Tloc      Unusable   N/A       N/A         7
 Spellforged Servitor     Conj/Summ      Unusable   N/A       N/A         7
 Summon Hydra             Summ           Unusable   N/A       N/A         7
 Necromutation            Tmut/Necr      Unusable   N/A       N/A         8
 Dragon's Call            Summ           Unusable   N/A       N/A         9

Dungeon Overview and Level Annotations

Branches:
Dungeon (15/15)            Temple (1/1) D:7            Lair (5/5) D:10
 Shoals (4/4) Lair:2        Snake (4/4) Lair:2        Slime (5/5) Lair:4
    Orc (2/2) D:9             Elf (3/3) Orc:2        Vaults (5/5) D:14
  Crypt (3/3) Vaults:2       Tomb (0/3) Crypt:3      Depths (4/4) D:15
   Hell (visited)             Dis (0/7) Hell            Geh (0/7) Hell
    Coc (0/7) Hell            Tar (1/7) Hell            Zot (5/5) Depths:4
 WizLab (visited)

Altars:
Ashenzari
Cheibriados
Dithmenos
Fedhas
Gozag
Hepliaklqana
Kikubaaqudgha
Makhleb
Nemelex Xobeh
Okawaru
Qazlal
Ru
Sif Muna
Trog
Uskayaw
Vehumet
Wu Jian
Xom
Yredelemnul
Jiyva

Shops:
D:5 [   D:15 (   Orc:2 ??[:   Elf:1 [=?[   Elf:2 (   Shoals:2 (   Vaults:1 [[
Vaults:4 ?(=*   Depths:2 (   Depths:3 *!*   Depths:4 *

Portals:
Hell: Depths:1 Depths:2 Depths:3 Depths:4
Abyss: Depths:3
Pandemonium: Depths:2 Depths:3
Ziggurat: Depths:1

Annotations:
D:11 2 transporters
Lair:5 exclusion: obsidian statue
Snake:1 Roxanne
Depths:2 exclusion: 2 doors


Innate Abilities, Weirdness & Mutations

You are immune to poison.
You have sharp fingernails.
Your flesh is cold resistant. (rC+)
You are immune to negative energy. (rN+++)
You do not regenerate when monsters are visible.
You are immune to unholy pain and torment.
You thrive by killing the living.


Message History

The Orb Guardian moves out of view.
There is a stone staircase leading up here.
You climb upwards.
There is a stone staircase leading down here.
An Orb Guardian comes into view.
The Orb Guardian moves out of view.
Aiming: Dig
Press: ? - help, Shift-Dir - straight line A rock wall.
This square is covered in magical glow.
The rock shatters into small pieces.
An Orb Guardian comes into view.
The Orb Guardian hits you! The Orb Guardian completely misses you.
There is a stone staircase leading up here.
You slash the Orb Guardian!
The Orb Guardian is lightly wounded.
The Orb Guardian hits you.
You closely miss the Orb Guardian.
The Orb Guardian is lightly wounded.
The Orb Guardian completely misses you.
You slice the Orb Guardian!!
The Orb Guardian is heavily wounded.
The Orb Guardian hits you!
You cut the Orb Guardian into ribbons!!!!
You kill the Orb Guardian!
Okawaru accepts your kill.
There is a stone staircase leading up here.
You climb upwards.
There is a stone staircase leading down here.
There is a stone staircase leading up here.
You climb upwards.
There is a stone staircase leading down here.
There is an open door here.
There is an open door here.
There is an open door here.
You see here a +0 robe.
You see here a +0 club.
There is an open door here.
There is a staircase leading out of the dungeon here.
You have escaped!

####### ###
#.....# #..
#.....# #..
#.@##.# #..
#.....# #..
#.....# #..
#####'# #..
######.###
###..
#...#....#
###....
#...#....###
#>...#+
#.8.#......#
#......
#...'....#.#
#......


There were no monsters in sight!

Vanquished Creatures
  the Royal Jelly (Slime:5)
  7 dread liches
  5 orbs of fire
  9 ancient liches
  Mara (Vaults:5)
  3 juggernauts
  Boris (Vaults:5)
  Frederick (Depths:2)
  Bai Suzhen (Elf:3)
  7 Killer Klowns
  The ghost of Awolom the Sorcerer, a veteran NaHW of Ashenzari (Depths:2)
  Saint Roka (Vaults:4)
  7 curse toes
  Geryon (Hell)
  14 golden dragons
  A profane servitor (D:13)
  The ghost of Loufaj the Minotaur Blade, an adept MiMo of Zin (Depths:1)
  The ghost of Ybiumue the Minotaur Blade, an adept MiMo of Zin (Depths:2)
  The ghost of Unolod the Conqueror, an adept MiBe of Trog (Depths:2)
  Jory (Vaults:4)
  Nikola (Depths:2)
  3 bone dragons
  3 Tzitzimimeh
  3 electric golems
  2 doom hounds (Depths:1)
  Jorgrun (Elf:2)
  Rupert (D:12)
  13 tentacled monstrosities
  2 Ice Fiends
  Asterion (Snake:1)
  A walking crystal tome (Depths:3)
  8 liches
  A shard shrike skeleton (Crypt:3)
  3 deep elf blademasters
  27 Orb Guardians
  2 deep elf master archers (Elf:3)
  6 titans (Vaults:5)
  20 acid blobs
  11 quicksilver dragons
  The ghost of Puodgh the Phalangite, an adept MfGl of Kikubaaqudgha (Depths:2)
  7 sphinxes
  6 ancient champions
  6 death cobs
  The ghost of Nemuarooze the Warrior, an adept HOMo of Beogh (Depths:2)
  The ghost of Nemuarooze the Warrior, an adept HOMo of Beogh (Depths:2)
  12 shadow dragons
  3 tentacled starspawn
  14 storm dragons
  Ilsuiw (Shoals:4)
  A revenant (Crypt:1)
  13 tengu reavers
  5 draconian monks
  11 rockslimes
  6 nagarajas
  An emperor scorpion (shapeshifter) (Depths:1)
  Donald (Vaults:4)
  14 azure jellies
  Louise (Depths:3)
  11 deep elf sorcerers
  7 fire giants
  11 frost giants
  3 ghost moths
  5 draconian knights
  7 draconian scorchers
  5 iron dragons
  17 vault wardens
  A balrug (Depths:1)
  A draconian stormcaller (Zot:3)
  2 curse skulls
  8 draconian shifters
  A cacodemon (Depths:2)
  An orc warlord (Orc:1)
  6 draconian annihilators
  4 juggernaut zombies (Depths:1)
  2 deep elf elementalists (Elf:3)
  12 war gargoyles
  4 demonspawn corrupters (WizLab)
  20 ironbound preservers
  12 reapers
  30 very ugly things
  8 ironbound thunderhulks
  13 quicksilver oozes
  8 vampire knights
  15 stone giants
  5 starcursed masses (Abyss:3)
  8 green draconians
  22 dire elephants
  8 black draconians
  10 deep elf demonologists (Elf:3)
  Azrael (Snake:2)
  An elemental wellspring (Hell)
  A spectral titan (Depths:1)
  2 entropy weavers (shapeshifter)
  An entropy weaver (WizLab)
  3 lorocyprocas
  10 red draconians
  11 yellow draconians
  15 deep elf annihilators
  A bunyip (shapeshifter) (Depths:2)
  16 purple draconians
  5 spark wasps
  A wendigo (Hell)
  12 white draconians
  6 statues (Depths:2)
  3 eidola
  5 deep elf death magi
  2 crystal guardians
  9 jiangshi
  5 merfolk javelineers (Shoals:4)
  10 great orbs of eyes
  15 merfolk impalers
  12 fire dragons
  6 deep elf high priests
  14 ettins
  14 yaktaur captains
  A juggernaut simulacrum (Depths:1)
  A hydra (shapeshifter) (Vaults:5)
  2 rakshasas (D:15)
  11 salamander tyrants
  2 caustic shrike simulacra (Hell)
  6 ogre magi
  4 hydras
  2 hell beasts (Depths:1)
  4 ice dragons
  31 vault guards
  An Orb Guardian zombie (Crypt:2)
  6 peacekeepers
  11 ironbound frosthearts
  8 spriggan air magi
  2 merfolk avatars (Shoals:4)
  A quicksilver dragon skeleton (Crypt:2)
  8 anacondas
  3 spriggan skeletons
  18 centaur warriors
  4 merfolk aquamancers
  3 catoblepae
  A boulder beetle (Vaults:2)
  A satyr (Shoals:4)
  8 two-headed ogres
  6 deep troll shamans
  2 death knights
  2 tengu warriors (D:15)
  3 hell hogs
  4 alligator snapping turtles
  11 death yaks
  30 dancing weapons
  5 deep troll earth magi
  An orc high priest (Orc:1)
  8 vampire magi
  3 thrashing horrors (Abyss:3)
  Urug (Orc:2)
  13 naga warriors
  2 titan zombies (Depths:1)
  A quicksilver ooze zombie (Crypt:2)
  15 naga sharpshooters
  3 spriggan berserkers
  8 sun demons
  7 shock serpents
  14 hell knights
  3 soul eaters
  2 iron trolls
  A titan skeleton (Crypt:3)
  2 salamander mystics
  2 shadow wraiths
  A storm dragon skeleton (Crypt:1)
  Nergalle (Orc:1)
  23 deep elf knights
  22 skeletal warriors
  A spectral death yak (Lair:5)
  A sixfirhy (Depths:2)
  4 wretched stars (Abyss:3)
  10 sea snakes
  4 naga ritualists
  A spectral anaconda (Lair:5)
  An anaconda zombie (Crypt:3)
  63 deep trolls
  An orange crystal statue (Zot:5)
  2 bunyip zombies
  5 glowing orange brains
  5 flayed ghosts
  A shadow demon (Zot:4)
  Pikel (D:6)
  25 harpies
  An obsidian statue (Zot:5)
  8 lindwurms
  A steelbarb worm (shapeshifter) (Vaults:5)
  An iron giant skeleton (Crypt:1)
  11 necromancers
  21 ironbound convokers
  16 wizards
  19 deep elf zephyrmancers
  7 deep elf archers
  2 mana vipers (shapeshifter)
  30 deep elf pyromancers
  5 stone giant zombies
  10 phantasmal warriors
  4 orc knights
  5 mana vipers
  11 orc sorcerers
  31 ugly things
  4 fauns (Shoals:2)
  2 iron dragon zombies
  14 manticores
  An iron dragon skeleton (Crypt:3)
  A frost giant zombie (Crypt:2)
  5 shining eyes
  2 worldbinders
  6 cyclopes
  7 elephants (Lair:5)
  A frost giant skeleton (Crypt:2)
  27 moths of wrath
  2 cyclopes (shapeshifter) (Vaults:5)
  23 salamanders
  Maurice (Orc:2)
  7 rust devils
  5 eyes of devastation
  36 black mambas
  8 guardian serpents
  6 molten gargoyles (Depths:1)
  2 dire elephant zombies
  15 naga magi
  4 titan simulacra
  An elephant (shapeshifter) (Vaults:5)
  3 orange demons
  4 merfolk sirens
  A centaur zombie (Crypt:2)
  5 smoke demons
  9 apocalypse crabs (Zot:2)
  A stone giant skeleton (Vaults:3)
  A gargoyle (D:12)
  7 water nymphs
  An elephant slug zombie (Crypt:2)
  10 vault sentinels
  An eye of devastation (shapeshifter) (Vaults:5)
  Psyche (D:12)
  A cane toad (shapeshifter) (Vaults:5)
  7 cane toads
  3 rime drakes
  2 unseen horrors (D:13)
  33 yaktaurs
  2 yaktaur zombies (Vaults:2)
  3 hellions
  2 kobold demonologists
  4 centaur skeletons
  2 demonic crawlers (Hell)
  3 spectral deep trolls (Crypt:1)
  2 freezing wraiths
  A death yak skeleton (Crypt:1)
  A bunyip simulacrum (Crypt:2)
  A dire elephant skeleton (Hell)
  3 tengu conjurers
  An efreet (D:14)
  2 tormentors
  An ice devil (Depths:2)
  2 ancient zymes (Abyss:3)
  7 komodo dragons
  2 red devils (Depths:3)
  28 merfolk
  2 polar bears
  A pale draconian skeleton (Crypt:3)
  A hydra zombie (Crypt:1)
  9 trolls
  A death drake zombie (Crypt:2)
  3 meliai
  A hornet (shapeshifter) (Elf:2)
  A harpy skeleton (D:14)
  2 hornets
  14 blink frogs
  6 wind drakes
  145 slime creatures
  4 spectral elephants (Lair:5)
  An ice dragon zombie (Crypt:3)
  A boulder beetle zombie (Crypt:1)
  8 snapping turtles
  9 dream sheep
  11 flying skulls
  5 air elementals
  A stone giant simulacrum (Depths:1)
  A centaur simulacrum (Hell)
  2 shadows
  An ice dragon skeleton (Crypt:1)
  A yak (shapeshifter) (D:13)
  A vampire (D:6)
  24 water elementals
  6 fire elementals
  A small abomination (Abyss:3)
  A dire elephant simulacrum (Lair:5)
  8 wraiths
  2 ynoxinuls
  8 wyverns
  A naga simulacrum (Hell)
  3 basilisks
  60 yaks
  A human (shapeshifter) (D:15)
  14 golden eyes
  A golden eye (shapeshifter) (D:15)
  A redback (shapeshifter) (D:15)
  An alligator snapping turtle simulacrum (Hell)
  3 neqoxecs
  A death yak simulacrum (Lair:5)
  A fire bat (shapeshifter) (Depths:3)
  A steam dragon (Lair:5)
  5 wargs
  5 large abominations (Abyss:3)
  A naga zombie (Crypt:1)
  2 harpy simulacra
  31 nagas
  3 spectral cane toads (Lair:5)
  A yaktaur simulacrum (Vaults:3)
  7 hell hounds
  A hydra simulacrum (Hell)
  3 acid dragons
  A floating eye (shapeshifter) (Depths:2)
  2 two-headed ogre zombies (D:9)
  14 water moccasins
  A fire bat skeleton (Crypt:3)
  A floating eye (Depths:1)
  17 orc warriors
  A swamp drake (Lair:5)
  2 sky beasts
  A sky beast (shapeshifter) (Elf:2)
  7 black bears
  An ice beast (D:6)
  An elephant zombie (Lair:5)
  An ettin simulacrum (Hell)
  18 centaurs
  10 ogres
  An elephant skeleton (Lair:5)
  A swamp dragon skeleton (Crypt:3)
  A boggart (Vaults:1)
  14 wolves
  A blink frog skeleton (Crypt:1)
  3 lemures
  A dream sheep skeleton (Crypt:3)
  2 phantoms
  16 bullfrogs
  A vine stalker zombie (Crypt:3)
  A scorpion (D:5)
  A yaktaur skeleton (Crypt:3)
  4 earth elementals
  3 kobold brigands
  2 human skeletons
  A necrophage (D:6)
  2 cane toad simulacra (Lair:5)
  2 troll zombies (D:9)
  4 wights (D:8)
  A raiju skeleton (Crypt:3)
  4 howler monkeys
  3 jellies
  A wolf skeleton (Crypt:2)
  14 orc priests
  A hound (D:7)
  4 iguanas
  37 orc wizards
  6 hell rats (Lair:5)
  4 ogre zombies (D:9)
  A tengu zombie (Crypt:1)
  A hound zombie (Crypt:1)
  A hound skeleton (Crypt:2)
  3 gnolls (D:5)
  5 adders
  A shadow imp (D:8)
  2 white imps
  2 ufetubi
  A worm zombie (Crypt:2)
  4 worms
  2 dart slugs
  87 orcs
  9 ball pythons
  5 bats
  A bat skeleton (Crypt:1)
  3 endoplasms
  3 giant cockroaches
  8 goblins
  5 hobgoblins
  8 jackals
  5 quokkas
  6 frilled lizards
  A frilled lizard zombie (Crypt:2)
  A gnoll skeleton (Crypt:3)
  2 goblin skeletons (D:9)
  A goblin zombie (D:9)
  2 hobgoblin skeletons (D:9)
  A hobgoblin zombie (D:9)
  20 kobolds
  3 orc skeletons (D:9)
  16 orc zombies (D:9)
  3 rats
  5 starspawn tentacles
2568 creatures vanquished.

Vanquished Creatures (others)
  A lich (Depths:2)
  A fire dragon (Depths:4)
  A merfolk aquamancer (Shoals:1)
  A deep elf pyromancer (Elf:2)
  A tengu conjurer (Depths:2)
  A water elemental (Shoals:1)
  A ynoxinul (Abyss:3)
  2 hell hounds (Hell)
  An orc wizard (Orc:2)
  23 fungi
  119 plants
  2 starspawn tentacles (Abyss:3)
  19 withered plants (Lair:5)
173 creatures vanquished.

Grand Total: 2741 creatures vanquished

Notes
Turn   | Place    | Note
-------+----------+-------------------------------------------
     0 | D:1      | DocSulfur the Ghoul Monk began the quest for the Orb.
     0 | D:1      | Reached XP level 1. HP: 19/19 MP: 0/0
   179 | D:1      | Reached XP level 2. HP: 22/26 MP: 1/1
   995 | D:2      | Reached XP level 3. HP: 23/31 MP: 2/2
  1497 | D:2      | Found a faded altar of an unknown god.
  1804 | D:3      | Reached skill level 1 in Throwing
  1995 | D:3      | Reached XP level 4. HP: 37/38 MP: 3/3
  2016 | D:3      | Found a bloodstained altar of Trog.
  2402 | D:3      | Noticed a phantom
  2411 | D:3      | Killed a phantom
  2412 | D:3      | Reached skill level 1 in Armour
  2412 | D:3      | Reached XP level 5. HP: 31/45 MP: 4/4
  2987 | D:4      | Noticed an ogre
  3007 | D:4      | Killed an ogre
  3008 | D:4      | Reached skill level 5 in Unarmed Combat
  3008 | D:4      | Reached XP level 6. HP: 44/51 MP: 5/5
  3276 | D:4      | Found a shimmering blue altar of Sif Muna.
  3695 | D:4      | Identified the +0 pair of boots of Salvation {rElec rPois
                  | rCorr Str+4}
  3751 | D:4      | Found a stormy altar of Qazlal.
  3983 | D:5      | Entered Level 5 of the Dungeon
  3985 | D:5      | Noticed a black bear
  4027 | D:5      | mmmh
  4290 | D:5      | Killed a black bear
  4426 | D:5      | Reached XP level 7. HP: 37/57 MP: 6/6
  4980 | D:5      | Found a sparkling altar of Nemelex Xobeh.
  5322 | D:5      | Found Vip Lueg's Armour Shop.
  5523 | D:6      | Noticed Pikel
  5693 | D:6      | Reached XP level 8. HP: 31/63 MP: 7/7
  5943 | D:6      | Noticed a yak
  5943 | D:6      | Noticed a yak
  5943 | D:6      | Noticed a yak
  6529 | D:6      | Noticed a vampire
  7096 | D:7      | Found a staircase to the Ecumenical Temple.
  7224 | Temple   | Entered the Ecumenical Temple
  7277 | Temple   | Became a worshipper of Warmaster Okawaru
  7277 | Temple   | Reached * piety under Okawaru
  7277 | Temple   | Reached ** piety under Okawaru
  7459 | D:7      | Noticed a hornet
  7466 | D:7      | Reached skill level 1 in Invocations
  7474 | D:7      | Killed a hornet
  7492 | D:7      | Reached XP level 9. HP: 31/71 MP: 5/10
  7704 | D:7      | Found a basalt altar of Yredelemnul.
  8395 | D:8      | Reached skill level 5 in Fighting
  8395 | D:8      | Reached skill level 5 in Invocations
  8808 | D:8      | Found an opulent altar of Gozag.
  9148 | D:9      | Noticed a two-headed ogre
  9160 | D:9      | Killed a two-headed ogre
  9160 | D:9      | Reached *** piety under Okawaru
  9349 | D:9      | Reached XP level 10. HP: 55/88 MP: 11/14
  9990 | D:9      | Identified the +0 robe of Altruism {Will+++ MP-9 Str-2}
  9995 | D:9      | Reached **** piety under Okawaru
 10141 | D:9      | Found a staircase to the Orcish Mines.
 11024 | D:9      | Noticed a two-headed ogre
 11040 | D:9      | Killed a two-headed ogre
 11040 | D:9      | Received a gift from Okawaru
 11690 | D:9      | Reached skill level 10 in Fighting
 11795 | D:9      | Reached skill level 10 in Invocations
 11949 | D:10     | Entered Level 10 of the Dungeon
 11949 | D:10     | Noticed a two-headed ogre
 11957 | D:10     | Found a staircase to the Lair.
 11970 | D:9      | Reached XP level 11. HP: 68/99 MP: 15/17
 12279 | D:10     | Reached skill level 5 in Armour
 12283 | D:10     | Found a hazy altar of Hepliaklqana.
 12319 | D:10     | Reached skill level 5 in Dodging
 12340 | D:10     | Found a snail-covered altar of Cheibriados.
 12523 | D:10     | Received a gift from Okawaru
 12626 | D:10     | Noticed a two-headed ogre
 12641 | D:10     | Killed a two-headed ogre
 12641 | D:10     | Reached ***** piety under Okawaru
 12641 | D:10     | Received a gift from Okawaru
 12964 | D:10     | Killed a two-headed ogre
 12989 | D:10     | Received a gift from Okawaru
 13332 | D:10     | Found a radiant altar of Vehumet.
 13404 | D:10     | Noticed a two-headed ogre
 13437 | D:10     | Killed a two-headed ogre
 13438 | D:10     | Reached skill level 5 in Throwing
 13847 | D:6      | Killed Pikel
 13847 | D:6      | Received a gift from Okawaru
 13919 | D:6      | Identified the +2 robe of Free Will {MP+9 Str-3 Int+2
                  | Stlth+}
 14458 | D:11     | Noticed a cyclops
 14469 | D:11     | Killed a cyclops
 14482 | D:11     | Noticed a deep elf zephyrmancer
 14494 | D:11     | Found a transporter.
 14498 | D:11     | Noticed a white ugly thing
 14644 | D:11     | Noticed a two-headed ogre
 14656 | D:11     | Killed a two-headed ogre
 14657 | D:11     | Reached XP level 12. HP: 85/106 MP: 18/18
 14807 | D:11     | Identified the +5 hand crossbow "Medad" {penet, Int+7}
 14809 | D:11     | Noticed a fire giant
 14810 | D:11     | Found a transporter.
 15531 | Lair:1   | Entered Level 1 of the Lair of Beasts
 15718 | Lair:1   | Received a gift from Okawaru
 16816 | Lair:2   | Identified the +5 morningstar of the Neverending Knives
                  | {vorpal, rC++ Will- MP+9 Str+3}
 16980 | Lair:2   | Received a gift from Okawaru
 17052 | Lair:2   | Noticed a catoblepas
 17098 | Lair:2   | Killed a catoblepas
 17099 | Lair:2   | Reached skill level 10 in Unarmed Combat
 17119 | Lair:2   | Received a gift from Okawaru
 17263 | Lair:2   | Found a staircase to the Shoals.
 17509 | Lair:2   | Found a staircase to the Snake Pit.
 17526 | Lair:2   | Identified the +0 buckler of Minor Irritation {rCorr Int+3
                  | SInv} (Okawaru gifted it to you on level 2 of the Lair of
                  | Beasts)
 17526 | Lair:2   | Received a gift from Okawaru
 17696 | Lair:2   | Reached skill level 1 in Shields
 17703 | Lair:2   | Reached XP level 13. HP: 101/113 MP: 15/19
 18145 | Lair:3   | Reached skill level 5 in Shields
 18436 | Lair:3   | You fall into a shaft and drop 2 floors!
 18436 | Lair:5   | Entered Level 5 of the Lair of Beasts
 19023 | Lair:5   | Received a gift from Okawaru
 19024 | Lair:5   | Reached skill level 10 in Throwing
 19427 | Lair:4   | Received a gift from Okawaru
 19587 | Lair:3   | Found a bloodstained altar of Trog.
 19607 | Lair:3   | Reached XP level 14. HP: 125/125 MP: 20/20
 20158 | Lair:4   | Found a viscous altar of Jiyva.
 20163 | Lair:4   | Found a staircase to the Slime Pits.
 20708 | Lair:4   | Found a blossoming altar of Fedhas.
 21166 | Lair:5   | Noticed a dire elephant
 21455 | Lair:5   | Noticed a dire elephant
 21455 | Lair:5   | Noticed a dire elephant
 21594 | Lair:5   | Noticed a dire elephant
 21614 | Lair:5   | Killed a dire elephant
 21619 | Lair:5   | Noticed a dire elephant
 21634 | Lair:5   | Killed a dire elephant
 22359 | Lair:5   | Received a gift from Okawaru
 22454 | Lair:5   | Killed a dire elephant
 22458 | Lair:5   | Killed a dire elephant
 22458 | Lair:5   | Received a gift from Okawaru
 22467 | Lair:5   | Killed a dire elephant
 22734 | D:12     | Noticed Rupert
 22830 | D:12     | Noticed Psyche
 22843 | D:12     | Killed Psyche
 22878 | D:12     | Killed Rupert
 22938 | D:12     | Received a gift from Okawaru
 23158 | D:12     | You fall into a shaft and drop 3 floors!
 23158 | D:15     | Entered Level 15 of the Dungeon
 23447 | D:14     | Reached XP level 15. HP: 98/139 MP: 16/21
 23940 | D:12     | Reached skill level 15 in Unarmed Combat
 24166 | D:13     | Received a gift from Okawaru
 24551 | D:13     | Reached skill level 1 in Axes
 24704 | D:13     | Reached skill level 2 in Axes
 24968 | D:14     | Reached skill level 3 in Axes
 25288 | D:14     | Reached skill level 4 in Axes
 25313 | D:14     | Found a gate to the Vaults.
 25478 | D:14     | Found an opulent altar of Gozag.
 25765 | D:15     | Reached skill level 15 in Fighting
 25765 | D:15     | Reached skill level 5 in Axes
 26000 | D:14     | Reached skill level 6 in Axes
 26557 | D:15     | Reached skill level 7 in Axes
 26585 | D:15     | Found a staircase to the Depths.
 27174 | D:15     | Found Sinoame's Weapon Shoppe.
 27208 | D:15     | Reached skill level 8 in Axes
 27221 | D:15     | Received a gift from Okawaru
 27417 | D:15     | Reached skill level 9 in Axes
 27997 | Orc:1    | Entered Level 1 of the Orcish Mines
 28030 | Orc:1    | Noticed Nergalle
 28046 | Orc:1    | Killed Nergalle
 28053 | Orc:1    | Received a gift from Okawaru
 28346 | Orc:1    | Identified the +9 scimitar of Doubt {vorpal, Int-2 Dex+3
                  | Stlth+}
 28417 | Orc:1    | Noticed an orc warlord
 28438 | Orc:1    | Killed an orc warlord
 28439 | Orc:1    | Reached skill level 10 in Axes
 28483 | Orc:1    | Received a gift from Okawaru
 28753 | Orc:2    | Entered Level 2 of the Orcish Mines
 28753 | Orc:2    | Found a staircase to the Elven Halls.
 29043 | Orc:2    | Reached XP level 16. HP: 149/149 MP: 20/23
 29043 | Orc:2    | Noticed Maurice
 29049 | Orc:2    | Noticed Urug
 29053 | Orc:2    | Killed Maurice
 29056 | Orc:2    | Killed Urug
 29074 | Orc:2    | Reached skill level 11 in Axes
 29248 | Orc:2    | Found Seitade's Magic Scroll Shoppe.
 29250 | Orc:2    | Paralysed by an ogre mage for 2 turns
 29262 | Orc:2    | Paralysed by an orc sorcerer for 3 turns
 29320 | Orc:2    | Paralysed by an ogre mage for 3 turns
 29337 | Orc:2    | Reached skill level 12 in Axes
 29460 | Orc:2    | Found a radiant altar of Vehumet.
 29466 | Orc:2    | Paralysed by an orc sorcerer for 3 turns
 29507 | Orc:2    | Found an ancient bone altar of Kikubaaqudgha.
 29529 | Orc:2    | Found Elun's Magic Scroll Emporium.
 29536 | Orc:2    | Found Laism's Antique Armour Emporium.
 29544 | Orc:2    | Found Foqa Lemp's Book Shoppe.
 29814 | Orc:2    | Bought a bloodstained plate armour for 588 gold pieces
 29814 | Orc:2    | Identified the +15 plate armour of the Realm of Zot
                  | {Rampage rF+ rC++ Stlth-} (You bought it in a shop on level
                  | 2 of the Orcish Mines)
 29834 | Orc:2    | Bought a scroll of identify for 30 gold pieces
 29888 | Orc:2    | Bought a scroll of identify for 22 gold pieces
 29888 | Orc:2    | Bought a scroll of acquirement for 572 gold pieces
 29888 | Orc:2    | Bought a scroll of identify for 22 gold pieces
 29888 | Orc:2    | Bought a scroll of teleportation for 33 gold pieces
 29903 | Orc:2    | Acquired 768 gold pieces
 29907 | Orc:2    | Acquired a +2 vampiric executioner's axe
 30132 | Snake:1  | Entered Level 1 of the Snake Pit
 30217 | Snake:1  | Received a gift from Okawaru
 30507 | Snake:1  | Received a gift from Okawaru
 30520 | Snake:1  | Noticed Asterion
 30528 | Snake:1  | Killed Asterion
 30972 | Snake:1  | Noticed Roxanne
 31975 | Snake:2  | Noticed Azrael
 31992 | Snake:2  | Killed Azrael
 32006 | Snake:2  | Received a gift from Okawaru
 32792 | Snake:2  | Reached skill level 13 in Axes
 33039 | Snake:2  | Reached XP level 17. HP: 142/156 MP: 13/25
 33196 | Snake:2  | Received a gift from Okawaru
 33917 | Snake:3  | Identified the +9 battleaxe "Giantbane" {vorpal, Will-
                  | Str+3 Int+2 Dex+4} (Okawaru gifted it to you on level 3 of
                  | the Snake Pit)
 33917 | Snake:3  | Received a gift from Okawaru
 35057 | Snake:4  | Entered Level 4 of the Snake Pit
 36035 | Snake:4  | Received a gift from Okawaru
 36041 | Snake:4  | Reached skill level 14 in Axes
 36183 | Snake:4  | Reached skill level 1 in Evocations
 36641 | Snake:4  | Received a gift from Okawaru
 37101 | Snake:4  | Noticed a quicksilver dragon
 37101 | Snake:4  | Noticed a quicksilver dragon
 37112 | Snake:4  | Killed a quicksilver dragon
 37125 | Snake:4  | Killed a quicksilver dragon
 37168 | Snake:4  | Received a gift from Okawaru
 37207 | Snake:4  | Got a serpentine rune of Zot
 37917 | Shoals:1 | Entered Level 1 of the Shoals
 38015 | Shoals:1 | Reached XP level 18. HP: 142/163 MP: 22/27
 38425 | Shoals:1 | Received a gift from Okawaru
 39447 | Shoals:2 | Found Wafracir's Antique Weapon Emporium.
 39761 | Shoals:2 | Reached skill level 5 in Evocations
 40264 | Shoals:3 | Reached skill level 15 in Axes
 40372 | Shoals:4 | Entered Level 4 of the Shoals
 41023 | Shoals:3 | Identified the +0 robe of Fortification {Str-4 Dex+6}
 42095 | Shoals:4 | Identified the +2 helmet of the Lobster {rPois Stlth+}
                  | (Okawaru gifted it to you on level 4 of the Shoals)
 42095 | Shoals:4 | Received a gift from Okawaru
 42113 | Shoals:4 | Got a barnacled rune of Zot
 42230 | Shoals:4 | Noticed Ilsuiw
 42254 | Shoals:4 | Killed Ilsuiw
 43233 | Shoals:4 | Reached skill level 15 in Invocations
 44498 | Elf:1    | Entered Level 1 of the Elven Halls
 44531 | Elf:1    | Reached skill level 16 in Axes
 44643 | Elf:1    | Reached XP level 19. HP: 156/170 MP: 27/29
 44975 | Elf:1    | Paralysed by an air elemental for 1 turns
 44987 | Elf:1    | Paralysed by an air elemental for 1 turns
 45100 | Elf:1    | Got the Verses on Blasts
 45365 | Elf:1    | Paralysed by an air elemental for 1 turns
 45371 | Elf:1    | Paralysed by an air elemental for 1 turns
 45979 | Depths:1 | Entered Level 1 of the Depths
 46499 | D:15     | Received a gift from Okawaru
 47362 | D:15     | Reached skill level 17 in Axes
 47788 | D:15     | Received a gift from Okawaru
 48309 | Depths:1 | Received a gift from Okawaru
 48694 | Depths:1 | Found a one-way gateway to a ziggurat.
 48902 | Depths:1 | You fall into a shaft and drop 1 floor!
 48909 | Depths:2 | Found Kitzi's Weapon Emporium.
 49363 | Depths:1 | Found a gateway to Hell.
 49438 | Depths:1 | Found a runed translucent door.
 49442 | Depths:1 | Noticed Loufaj's ghost (adept MiMo)
 49552 | Depths:1 | Killed Loufaj's ghost
 49606 | Depths:1 | Reached skill level 18 in Axes
 50641 | Depths:1 | Received a gift from Okawaru
 51075 | Depths:1 | Received a gift from Okawaru
 51095 | Depths:2 | Reached XP level 20. HP: 167/178 MP: 24/30
 51187 | Depths:2 | Found a one-way gate leading to the halls of Pandemonium.
 51194 | Depths:2 | Received a gift from Okawaru
 51233 | Depths:2 | Found a huge runed gate.
 51233 | Depths:2 | Found a huge runed gate.
 51233 | Depths:2 | Found a huge runed gate.
 51233 | Depths:2 | Found a huge runed gate.
 51233 | Depths:2 | Found a huge runed gate.
 51233 | Depths:2 | Found a huge runed gate.
 51233 | Depths:2 | Found a huge runed gate.
 51235 | Depths:2 | Found a huge runed gate.
 51235 | Depths:2 | Found a huge runed gate.
 51235 | Depths:2 | Found a huge runed gate.
 51246 | Depths:2 | Found a huge runed gate.
 51246 | Depths:2 | Found a huge runed gate.
 51246 | Depths:2 | Found a huge runed gate.
 51246 | Depths:2 | Found a huge runed gate.
 51246 | Depths:2 | Found a huge runed gate.
 51246 | Depths:2 | Found a huge runed gate.
 51247 | Depths:2 | Found a huge runed gate.
 51248 | Depths:2 | Found a huge runed gate.
 51249 | Depths:2 | Found a huge runed gate.
 51257 | Depths:2 | Found a huge runed gate.
 51257 | Depths:2 | Found a huge runed gate.
 51257 | Depths:2 | Found a huge runed gate.
 51257 | Depths:2 | Found a huge runed gate.
 51257 | Depths:2 | Found a huge runed gate.
 51257 | Depths:2 | Found a huge runed gate.
 51258 | Depths:2 | Found a huge runed gate.
 51259 | Depths:2 | Found a huge runed gate.
 51260 | Depths:2 | Found a huge runed gate.
 51268 | Depths:2 | Found a huge runed gate.
 51268 | Depths:2 | Found a huge runed gate.
 51268 | Depths:2 | Found a huge runed gate.
 51268 | Depths:2 | Found a huge runed gate.
 51268 | Depths:2 | Found a huge runed gate.
 51268 | Depths:2 | Found a huge runed gate.
 51269 | Depths:2 | Found a huge runed gate.
 51270 | Depths:2 | Found a huge runed gate.
 51296 | Depths:2 | Identified the +3 ring mail "Saitapp" {rF+ rC+ Str+6 Int-5}
 51354 | Depths:2 | Noticed Nikola
 51369 | Depths:2 | Killed Nikola
 51736 | Depths:2 | Noticed Puodgh's ghost (adept MfGl)
 51736 | Depths:2 | Noticed Awolom's ghost (veteran NaHW)
 51736 | Depths:2 | Noticed Unolod's ghost (adept MiBe)
 51736 | Depths:2 | Noticed Nemuarooze's ghost (adept HOMo)
 51736 | Depths:2 | Noticed Ybiumue's ghost (adept MiMo)
 51736 | Depths:2 | Noticed a juggernaut
 51737 | Depths:2 | Noticed Nemuarooze's ghost (adept HOMo)
 51762 | Depths:2 | Killed a juggernaut
 51773 | Depths:2 | Killed Puodgh's ghost
 51782 | Depths:2 | Killed Ybiumue's ghost
 51846 | Depths:2 | Killed Nemuarooze's ghost
 51900 | Depths:2 | Reached skill level 10 in Armour
 51920 | Depths:2 | Killed Unolod's ghost
 51920 | Depths:2 | Received a gift from Okawaru
 51970 | Depths:2 | Killed Nemuarooze's ghost
 51987 | Depths:2 | Identified the amulet of Linearity {Acrobat rC+ Regen+
                  | Int+2}
 52080 | Depths:2 | Killed Awolom's ghost
 52081 | Depths:2 | Reached skill level 19 in Axes
 52451 | Depths:2 | Reached skill level 10 in Dodging
 52615 | Depths:2 | Identified the +8 rapier of Valiance {freeze, *Slow rElec
                  | rN+ rCorr}
 52686 | Depths:2 | Found a radiant altar of Vehumet.
 52686 | Depths:2 | Noticed Frederick
 52696 | Depths:2 | Killed Frederick
 52696 | Depths:2 | Received a gift from Okawaru
 53067 | Depths:2 | Got Sif Muna's Cyclopedia of the Calorific Flock
 53070 | Depths:2 | Got A Thorough Guide to the Arcane Arts
 53245 | Depths:2 | Identified the +2 cloak "Odduympu" {*Slow rPois Regen+
                  | Stlth+} (Okawaru gifted it to you on level 2 of the Depths)
 53245 | Depths:2 | Received a gift from Okawaru
 53511 | Depths:3 | Found Rawidi's Assorted Antiques.
 53518 | Depths:4 | Entered Level 4 of the Depths
 53540 | Depths:4 | Noticed a juggernaut
 53562 | Depths:4 | Killed a juggernaut
 53774 | Depths:4 | Found a magical portal.
 53779 | WizLab   | Entered Alistair's Party Mansion
 54160 | WizLab   | Paralysed by a sphinx for 4 turns
 54168 | WizLab   | Reached XP level 21. HP: 176/184 MP: 19/31
 54179 | WizLab   | Paralysed by a sphinx for 2 turns
 54200 | WizLab   | Paralysed by a sphinx for 5 turns
 54675 | Depths:3 | Found Ofraiggaroj's Assorted Antiques.
 54693 | Depths:3 | Reached skill level 20 in Axes
 55044 | Depths:3 | Received a gift from Okawaru
 55165 | Depths:3 | Received a gift from Okawaru
 55227 | Depths:3 | Learned a level 1 spell: Apportation
 55267 | Depths:3 | Identified the +1 leather armour of Courage {Dex+5}
 55283 | Depths:3 | Reached skill level 1 in Spellcasting
 55283 | Depths:3 | Reached skill level 1 in Translocations
 55307 | Depths:3 | Identified the ring "Baupsiru" {Ice Will- rCorr Str+3
                  | Dex+8}
 55504 | Depths:3 | Noticed a juggernaut
 55524 | Depths:3 | Killed a juggernaut
 55528 | Depths:3 | Found Cakifaox's Distillery.
 55567 | Depths:3 | Noticed an ancient lich
 55578 | Depths:3 | Killed an ancient lich
 55613 | Depths:3 | Reached ****** piety under Okawaru
 55642 | Depths:3 | Noticed a golden dragon
 55655 | Depths:3 | Killed a golden dragon
 55656 | Depths:3 | Reached skill level 5 in Translocations
 55815 | Depths:3 | Bought a copper ring for 235 gold pieces
 55819 | Depths:3 | Acquired 486 gold pieces
 55823 | Depths:3 | Bought a pair of jewelled boots for 446 gold pieces
 55823 | Depths:3 | Identified the +0 pair of boots of Umogi {Will+ Int+4} (You
                  | bought it in a shop on level 3 of the Depths)
 55842 | Depths:3 | Found a one-way gate to the infinite horrors of the Abyss.
 55842 | Depths:3 | Noticed Louise
 55858 | Depths:3 | Killed Louise
 55858 | Depths:3 | Received a gift from Okawaru
 55955 | Depths:3 | Found an ornate altar of the Wu Jian Council.
 56025 | Depths:3 | Bought a potion of heal wounds for 65 gold pieces
 56025 | Depths:3 | Bought a potion of haste for 130 gold pieces
 56025 | Depths:3 | Bought a potion of heal wounds for 65 gold pieces
 56136 | Depths:3 | Identified the +1 chain mail of Utib {rC++}
 56138 | Depths:3 | Identified the ring "Pailasop" {+Blink rF- rN+ Dex+4}
 56382 | Depths:4 | Noticed a golden dragon
 56395 | Depths:4 | Killed a golden dragon
 56396 | Depths:4 | Reached skill level 5 in Spellcasting
 56414 | Depths:4 | Noticed a bone dragon
 56476 | Depths:4 | Killed a bone dragon
 56499 | Depths:4 | Found Sump's General Store.
 56772 | Depths:4 | Found an ancient bone altar of Kikubaaqudgha.
 56911 | Depths:4 | Found a gate to the Realm of Zot.
 56918 | Depths:4 | Reached XP level 22. HP: 131/192 MP: 15/32
 57778 | Vaults:1 | Entered Level 1 of the Vaults
 57825 | Vaults:1 | Found a flickering gateway to a bazaar.
 57840 | Bazaar   | Entered a bazaar
 57845 | Bazaar   | Found Ocybazos's Antique Armour Shop.
 57860 | Bazaar   | Found Uphamome's Book Shop.
 58362 | Vaults:1 | Identified the +1 pair of boots of Rierruiv {rF+ Dex+2}
                  | (Okawaru gifted it to you on level 1 of the Vaults)
 58362 | Vaults:1 | Received a gift from Okawaru
 58614 | Vaults:1 | Reached skill level 10 in Evocations
 58620 | Vaults:1 | Identified the +6 eveningstar of Gloom {vorpal, rPois rF-
                  | Str+8}
 58825 | Vaults:1 | Found Colof's Antique Armour Boutique.
 59045 | Vaults:1 | Found Qaiga's Armour Emporium.
 59582 | Vaults:4 | Noticed Donald
 59590 | Vaults:4 | Received a gift from Okawaru
 59591 | Vaults:4 | Killed Donald
 59620 | Vaults:4 | Found Qykur's Antique Weapon Emporium.
 59678 | Vaults:4 | Reached XP level 23. HP: 199/199 MP: 20/33
 59699 | Vaults:4 | Found Jeihargh's Assorted Antiques.
 59734 | Vaults:4 | Noticed Jory
 59749 | Vaults:4 | Killed Jory
 59755 | Vaults:4 | Found a flickering gateway to a bazaar.
 59760 | Bazaar   | Entered a bazaar
 59760 | Bazaar   | Found Qimuovin's Weapon Boutique.
 59760 | Bazaar   | Found Nalesag's Weapon Shop.
 59760 | Bazaar   | Found Dawezoud's Distillery.
 59760 | Bazaar   | Found Vohorhyx's Antique Armour Boutique.
 59769 | Bazaar   | Bought a potion of heal wounds for 35 gold pieces
 59769 | Bazaar   | Bought a potion of curing for 21 gold pieces
 59769 | Bazaar   | Bought a potion of heal wounds for 35 gold pieces
 59769 | Bazaar   | Bought a potion of curing for 21 gold pieces
 59790 | Vaults:4 | Found Plog's Jewellery Boutique.
 59847 | Vaults:4 | Found Vorankuym's Magic Scroll Boutique.
 59855 | Vaults:4 | Bought a scroll of magic mapping for 75 gold pieces
 59855 | Vaults:4 | Bought a scroll of torment for 95 gold pieces
 59855 | Vaults:4 | Bought a scroll of teleportation for 30 gold pieces
 59855 | Vaults:4 | Bought a scroll of blinking for 75 gold pieces
 59855 | Vaults:4 | Bought a scroll of poison for 40 gold pieces
 59985 | Vaults:4 | Bought a wand of roots (5) for 324 gold pieces
 60256 | Vaults:4 | Noticed Saint Roka
 60268 | Vaults:4 | Killed Saint Roka
 60436 | Vaults:4 | Received a gift from Okawaru
 60608 | Vaults:4 | Identified the +3 ring mail of Defiance {+Inv Int+5 Dex+3}
                  | (Okawaru gifted it to you on level 4 of the Vaults)
 60608 | Vaults:4 | Received a gift from Okawaru
 61164 | Vaults:4 | Bought the ring "Fugawniz" {Str+10 Slay-5 SInv} for 374
                  | gold pieces
 61404 | Vaults:3 | Identified the +0 pair of boots of the Cicada {rElec rPois
                  | Stlth+}
 62674 | Vaults:2 | Found a staircase to the Crypt.
 62674 | Vaults:2 | Found a basalt altar of Yredelemnul.
 62674 | Vaults:2 | Found an ancient bone altar of Kikubaaqudgha.
 62820 | Abyss:3  | Cast into level 3 of the Abyss (a wizard)
 63006 | Abyss:3  | Got an abyssal rune of Zot
 63123 | Vaults:2 | Escaped the Abyss
 63127 | Vaults:2 | Received a gift from Okawaru
 63431 | Vaults:2 | Reached XP level 24. HP: 198/212 MP: 31/33
 63442 | Vaults:2 | Identified the +4 quarterstaff "Spiderbane" {drain, rN++
                  | Int-4 Stlth+} (Okawaru gifted it to you on level 2 of the
                  | Vaults)
 63442 | Vaults:2 | Received a gift from Okawaru
 63978 | Vaults:2 | Identified the +0 helmet of Kyrimu {*Slow Dex+4}
 64141 | Vaults:5 | Entered Level 5 of the Vaults
 64291 | Vaults:5 | Identified the +0 buckler "Porezac" {rN+} (Okawaru gifted
                  | it to you on level 5 of the Vaults)
 64291 | Vaults:5 | Received a gift from Okawaru
 64321 | Vaults:5 | Got the Discursus on Morbid Imprecation
 64410 | Vaults:5 | Identified the +3 ring mail "Yppismiesch" {Fly rN+}
 64587 | Vaults:5 | Reached skill level 15 in Armour
 64622 | Vaults:5 | Reached skill level 15 in Dodging
 64715 | Vaults:5 | Noticed Mara
 64755 | Vaults:5 | Killed Mara
 64762 | Vaults:5 | Noticed a dread lich
 64787 | Vaults:5 | Killed a dread lich
 64815 | Vaults:5 | Noticed Boris
 64820 | Vaults:5 | Received a gift from Okawaru
 64821 | Vaults:5 | Reached XP level 25. HP: 224/224 MP: 18/33
 64827 | Vaults:5 | Killed Boris
 64884 | Vaults:5 | Received a gift from Okawaru
 64926 | Vaults:5 | Identified the +5 ring mail of the Trombone {Dex+5}
                  | (Okawaru gifted it to you on level 5 of the Vaults)
 64926 | Vaults:5 | Received a gift from Okawaru
 65015 | Vaults:5 | Identified the +3 executioner's axe of the Shark {vorpal,
                  | rF+ Int+8}
 65155 | Vaults:5 | Got Izyepiff's Almanac of the Calorific Figure
 65310 | Vaults:5 | Noticed a dread lich
 65327 | Vaults:5 | Killed a dread lich
 65487 | Vaults:5 | Got a silver rune of Zot
 65761 | Vaults:5 | Acquired the ring "Wolluug" {Ice rN+ Will+}
 66186 | Orc:2    | Bought a scroll of magic mapping for 82 gold pieces
 66186 | Orc:2    | Bought a scroll of enchant weapon for 82 gold pieces
 66216 | Orc:2    | Bought a scroll of magic mapping for 112 gold pieces
 66216 | Orc:2    | Bought a scroll of enchant armour for 112 gold pieces
 66216 | Orc:2    | Bought a scroll of enchant armour for 112 gold pieces
 66216 | Orc:2    | Bought a scroll of immolation for 60 gold pieces
 66216 | Orc:2    | Bought a scroll of immolation for 60 gold pieces
 66422 | Elf:1    | Found Qosi's Antique Armour Shop.
 66432 | Elf:1    | Found Urhoupny's Magic Scroll Shop.
 66447 | Elf:1    | Bought a scroll of blinking for 112 gold pieces
 66468 | Elf:1    | Bought a pair of runed gloves for 277 gold pieces
 66468 | Elf:1    | Bought a pair of embroidered gloves for 277 gold pieces
 66544 | Elf:1    | Found Wahap's Jewellery Shop.
 66633 | Elf:1    | Found Vuikusm's Armour Shop.
 66936 | Elf:1    | Bought the amulet of Bubaogg {Acrobat Will+ Str+4 Stlth+}
                  | for 914 gold pieces
 67024 | Elf:2    | Paralysed by an air elemental for 1 turns
 67623 | Elf:2    | Found Gas Fich's Antique Weapon Shop.
 67844 | Elf:2    | Found a runed translucent gate.
 67845 | Elf:2    | Found a runed translucent gate.
 67845 | Elf:2    | Found a runed translucent gate.
 67858 | Elf:2    | Reached skill level 21 in Axes
 67895 | Elf:2    | Noticed Jorgrun
 67912 | Elf:2    | Killed Jorgrun
 68418 | Elf:3    | Entered Level 3 of the Elven Halls
 68710 | Elf:3    | Noticed Bai Suzhen
 68730 | Elf:3    | Killed Bai Suzhen
 68730 | Elf:3    | Identified the +8 chain mail of Okawaru's Displeasure
                  | {Str+2 Int+2 SInv} (Okawaru gifted it to you on level 3 of
                  | the Elven Halls)
 68730 | Elf:3    | Received a gift from Okawaru
 69152 | Abyss:3  | Cast into level 3 of the Abyss (a deep elf sorcerer)
 69165 | Elf:3    | Escaped the Abyss
 69209 | Elf:3    | Identified the ring of Neurosis {Wiz rF+ Int+6}
 69214 | Elf:3    | Identified the amulet "Jeisunyrgh" {rPois Regen+ Stlth+}
 69216 | Elf:3    | Identified the +11 morningstar "Neifegis" {holy, rElec
                  | rPois rF- Str+5}
 69241 | Elf:3    | Identified the +11 dagger "Wylech" {venom, rN+}
 69298 | Elf:3    | Identified the +7 war axe "Lauxt" {drain, Dex+2}
 69306 | Elf:3    | Identified the +1 flail "Dogetych" {vorpal, rElec rC+}
 69317 | Elf:3    | Identified the +6 longbow of the Endless March {flame,
                  | Int+5 Dex+3}
 69319 | Elf:3    | Got the Directory of Gusty Battle Magic
 69413 | Elf:3    | Identified the +1 scale mail "Bymelenast" {rPois Regen+
                  | Str-3 Dex-3}
 69457 | Elf:3    | Identified the +11 long sword "Liunnun" {flame, rN+++ Str-3
                  | Dex-4 SInv}
 69490 | Elf:3    | Identified the +7 whip of Buuc {drain, Dex+3}
 69969 | Slime:1  | Entered Level 1 of the Pits of Slime
 69990 | Slime:1  | Reached XP level 26. HP: 235/237 MP: 0/33
 72055 | Slime:4  | Received a gift from Okawaru
 72682 | Slime:5  | Entered Level 5 of the Pits of Slime
 73249 | Slime:5  | Noticed the Royal Jelly
 73499 | Slime:5  | Found a viscous altar of Jiyva.
 73502 | Slime:5  | Found the +3 giant club "Skullcrusher" {speed, Str+7}
 73664 | Slime:5  | Killed the Royal Jelly
 73730 | Slime:5  | Identified the +3 scale mail of Tomorrow {rPois rC++}
 73819 | Slime:5  | Got a slimy rune of Zot
 73854 | Slime:5  | Identified the +5 mace of Annoyance {speed, rPois Str+7}
 74230 | Crypt:1  | Entered Level 1 of the Crypt
 74314 | Crypt:1  | Reached skill level 22 in Axes
 74359 | Crypt:1  | Received a gift from Okawaru
 74923 | Crypt:1  | Found an ancient bone altar of Kikubaaqudgha.
 75780 | Crypt:2  | Received a gift from Okawaru
 76175 | Crypt:2  | Reached XP level 27. HP: 246/246 MP: 23/33
 76675 | Crypt:3  | Entered Level 3 of the Crypt
 76722 | Crypt:3  | Identified the +1 pair of gloves "Ebri" {*Slow rC+ Int+4
                  | SInv} (Okawaru gifted it to you on level 3 of the Crypt)
 76722 | Crypt:3  | Received a gift from Okawaru
 77418 | Crypt:3  | Found the amulet of Vitality {RegenMP++ Regen++}
 77466 | Crypt:3  | Noticed an ancient lich
 77481 | Crypt:3  | Killed an ancient lich
 77747 | Crypt:3  | Found a staircase to the Tomb.
 77870 | Crypt:3  | Noticed a dread lich
 77905 | Crypt:3  | Killed a dread lich
 77939 | Crypt:3  | Identified the ring "Cuhe" {Fly rN+ rCorr}
 77939 | Crypt:3  | Identified the ring of Heyxkoonk {rElec rN+ MP+9}
 78311 | Hell     | Entered the Vestibule of Hell
 78311 | Hell     | Noticed Geryon
 78347 | Hell     | Killed Geryon
 81200 | Hell     | Identified the +5 plate armour of the Wasteland {Harm Int-2
                  | Dex+3} (Okawaru gifted it to you in the Vestibule of Hell)
 81200 | Hell     | Received a gift from Okawaru
 81436 | Hell     | Found a gateway to the ashen valley of Gehenna.
 81674 | Hell     | Found a gateway to the freezing wastes of Cocytus.
 82020 | Hell     | Found a gateway to the Iron City of Dis.
 82098 | Hell     | Found a gateway to the decaying netherworld of Tartarus.
 82217 | Tar:1    | Entered Level 1 of Tartarus
 82317 | Zot:1    | Entered Level 1 of the Realm of Zot
 82323 | Zot:1    | Noticed an orb of fire
 82351 | Depths:4 | Killed an orb of fire
 82622 | Zot:1    | Learned a level 2 spell: Blink
 82626 | Zot:1    | Learned a level 3 spell: Lesser Beckoning
 82631 | Zot:1    | Learned a level 4 spell: Manifold Assault
 83139 | Zot:1    | Noticed an orb of fire
 83149 | Zot:1    | Killed an orb of fire
 85030 | Elf:1    | Bought a faintly humming plate armour for 1036 gold pieces
 85030 | Elf:1    | Identified the +1 plate armour of Vehumet's Outrage
                  | {Rampage Dex+2 Stlth-} (You bought it in a shop on level 1
                  | of the Elven Halls)
 85287 | Vaults:4 | Bought a jet-encrusted plate armour for 756 gold pieces
 85287 | Vaults:4 | Identified the +8 plate armour of the Great Game {Int+4
                  | Slay+3} (You bought it in a shop on level 4 of the Vaults)
 85407 | Vaults:1 | Bought a scorched plate armour for 980 gold pieces
 85407 | Vaults:1 | Identified the +1 plate armour of the Orcish Mines {Drain
                  | Int+4 Dex+3} (You bought it in a shop on level 1 of the
                  | Vaults)
 85841 | Zot:2    | Received a gift from Okawaru
 86376 | Zot:2    | Found the +5 scythe "Finisher" {speed, eviscerate}
 86381 | Zot:2    | Identified the +0 helmet of Narcissism {Harm Str+5 Int-5}
 86383 | Zot:2    | Identified the +0 chain mail of Doomed Happiness {rCorr}
 86519 | Zot:3    | Identified the +6 bardiche of Recklessness {flame, Drain
                  | rC- Str+3 Int+10}
 86628 | Zot:3    | Received a gift from Okawaru
 86957 | Zot:4    | Identified the +1 pair of gloves of the World {Will- Int+3
                  | Slay+3} (Okawaru gifted it to you on level 4 of the Realm
                  | of Zot)
 86957 | Zot:4    | Received a gift from Okawaru
 87346 | Zot:5    | Entered Level 5 of the Realm of Zot
 87936 | Zot:3    | Reached skill level 15 in Throwing
 90355 | Zot:5    | Noticed an orb of fire
 90373 | Zot:5    | Killed an orb of fire
 90374 | Zot:5    | Noticed an ancient lich
 90378 | Zot:5    | Noticed an ancient lich
 90383 | Zot:5    | Noticed a dread lich
 90391 | Zot:5    | Noticed an ancient lich
 90391 | Zot:5    | Killed an ancient lich
 90391 | Zot:5    | Received a gift from Okawaru
 90393 | Zot:5    | Killed a dread lich
 90396 | Zot:5    | Killed an ancient lich
 90400 | Zot:5    | Killed an ancient lich
 90400 | Zot:5    | Received a gift from Okawaru
 90402 | Zot:5    | Noticed an ancient lich
 90408 | Zot:5    | Killed an ancient lich
 90436 | Zot:5    | Noticed an ancient lich
 90445 | Zot:5    | Killed an ancient lich
 90448 | Zot:5    | Noticed an orb of fire
 90459 | Zot:5    | Noticed a dread lich
 90460 | Zot:5    | Killed an orb of fire
 90469 | Zot:5    | Killed a dread lich
 90477 | Zot:5    | Noticed a dread lich
 90480 | Zot:5    | Killed a dread lich
 90489 | Zot:5    | Noticed an ancient lich
 90496 | Zot:5    | Killed an ancient lich
 90506 | Zot:5    | Noticed an orb of fire
 90514 | Zot:5    | Killed an orb of fire
 90514 | Zot:5    | Received a gift from Okawaru
 90613 | Zot:5    | Noticed an ancient lich
 90627 | Zot:5    | Killed an ancient lich
 90929 | Zot:5    | Received a gift from Okawaru
 90955 | Zot:5    | Noticed a dread lich
 90976 | Zot:5    | Killed a dread lich
 91583 | Zot:5    | Identified the +3 pair of boots "Lekofod" {Dex+2}
 91743 | Zot:5    | Got the Orb of Zot
 92170 | D:13     | Received a gift from Okawaru
 92460 | D:$      | Escaped with the Orb!

Illustrated notes

...[....5....##
...........o...
.........o....>
$..............
.............#.
...............
...o.........#.
.....o.@.......
.............#.
............o#
..o.h.....o..#
.............#
..o........ho..
.......o....h##
.....?......h.
###


Turn 4027 on D:5: mmmh

Levels and vault maps discovered:
D:1:      dpeg_arrival_rooms_b, layout_basic, chequers_serial_rivers_room_b
D:2:      layout_loops_ring, ebering_ecumenical_altar_webs
D:3:      layout_basic, trog_butcher_becter
D:4:      layout_loops_ring, nicolae_sif_muna_condensation,
          amcnicky_altar_gilded, minivault_1, saegor_snake_ambush
D:5:      layout_basic, tso_oasis_becter, kennysheep_mini,
          kennysheep_small_square
D:6:      layout_loops_ring, minmay_manual_mess, uniq_pikel
D:7:      layout_loops_ring, kennysheep_mini_moat,
          minmay_temple_entry_butterflies
D:8:      nicolae_cairo_tiling, layout_basic, grunt_gozag_breadcrumbs
D:9:      layout_long_grid, zombieorc2_lemuel
D:10:     layout_cave_pods, lemuel_round_altar,
          nicolae_hepliaklqana_hazy_memory, vehumet_crystals,
          minmay_lair_entry_grove
D:11:     gammafunk_sealed_arena, layout_small_grid
D:12:     layout_rooms, uniq_rupert, uniq_psyche
D:13:     layout_basic
D:14:     layout_basic, hangedman_vaults_entry_quadrant_bands,
          minmay_misc_feat_alley, minmay_ruined_shrine
D:15:     hangedman_depths_entry_try_elsewhere_first, layout_basic,
          serial_shops, nicolae_shop_behind_doors, abandoned_shop, drop_trap
Temple:   nicolae_temple_godzebo
Lair:1:   layout_hall_layers, grunt_megastairs_1
Lair:2:   layout_loops_ring, elwin_shoals_entry_rooms,
          minmay_snake_entry_guardpost_small
Lair:3:   layout_hall_layers, basic_altar
Lair:4:   layout_misc_corridors, dpeg_slime_entry_corner, lemuel_centaur_altar,
          serial_bayou_shore_b
Lair:5:   due_jungle_book, layout_concentric_octagons, guppyfry_lair_drakes,
          serial_bayou_shore_b, grunt_megastairs_4
Shoals:1: layout_shoals
Shoals:2: layout_shoals, serial_shops, shop
Shoals:3: layout_shoals
Shoals:4: shoals_end_grunt_ice, layout_shoals, shoals_ilsuiw_ice
Snake:1:  layout_concentric_octagons, uniq_roxanne, uniq_asterion
Snake:2:  layout_cave_pods, nicolae_triple_integral, uniq_azrael
Snake:3:  layout_onion, grunt_megastairs_2
Snake:4:  hellmonk_snake_rune_quicksilver_temple, layout_chambers,
          serial_bayou_shore_b
Slime:1:  layout_caves
Slime:2:  layout_caves
Slime:3:  layout_caves
Slime:4:  layout_caves
Slime:5
Orc:1:    layout_caves, elf_legates, uniq_nergalle
Orc:2:    kennysheep_orc_mage_school, layout_diamond_mine, uniq_maurice,
          uniq_urug
Elf:1:    layout_gridlike, serial_shops,
          nicolae_shop_temple_entry_statues_fountains, nicolae_square_shop,
          shop, shop_coins, minmay_elf_annihilation
Elf:2:    nicolae_elf_blades_crystal_corner, layout_geoelf_diagonals,
          serial_shops, nicolae_shop_overgrown_old_shop, serial_glass,
          glass_columns_b, glass_columns_c, uniq_jorgrun
Elf:3:    elf_hall, layout_loops_cross, uniq_bai_suzhen
Vaults:1: ontoclasm_vaults_eye, vaults_mumra_minichess, v_misc_29,
          vaults_dpeg_encased_lava, vaults_room_corners,
          vaults_room_grunt_arrival_ludios, v_misc_29, ontoclasm_vaults_bender,
          nicolae_vaults_little_squares_3, ontoclasm_vaults_tryst,
          nicolae_vaults_ring_of_whatevers, ontoclasm_vaults_ligature,
          nicolae_vaults_murderbox, ontoclasm_vaults_decontamination,
          nicolae_vaults_little_squares_1, layout_vaults_big_room, serial_shops,
          bzr_entry_lakeside, nicolae_shop_crystal, shop
Vaults:2: vaults_room_pool, nicolae_vaults_little_squares_4,
          ontoclasm_vaults_fault, hangedman_vaults_slither,
          nicolae_vaults_yaktaur_gun_rack, v_rooms_3,
          minmay_crypt_entry_necro_gods, grunt_vaults_hallway_short,
          dpeg_vaults_monster_box, vaults_mumra_chevron,
          nicolae_vaults_little_squares_5, nicolae_vaults_network_star,
          vaults_dpeg_emergency_exit, nicolae_vaults_sealed_display,
          layout_vaults_ring
Vaults:3: vaults_room_hangedman_quadrants, v_misc_28, hangedman_vaults_cutoff,
          v_misc_23, hangedman_vaults_maws, nicolae_vaults_mini_display_case,
          layout_vaults_omnigrid
Vaults:4: v_misc_17, v_misc_23, vaults_room_octagon,
          nicolae_vaults_little_squares_5, v_misc_3, v_rooms_5,
          vaults_room_door_ring, vaults_dpeg_hooks, layout_vaults_omnicross,
          serial_shops, bzr_entry_road, shop, shop_statue,
          nicolae_shop_hallway_stairs, shop_fountains, uniq_jory, uniq_donald,
          uniq_saint_roka
Vaults:5: serial_shops, uniq_mara, uniq_boris
Crypt:1:  layout_chaotic_city, basic_altar, skrybe_necro_troll_1
Crypt:2:  layout_catacombs
Crypt:3:  david_glass_crypt, layout_rooms
Depths:1: layout_big_octagon, enter_ziggurat_f,
          muffindrake_ghost_dead_mans_drink, hell_entry, minmay_alternating_orb
Depths:2: evilmike_halls_of_destruction, layout_cave_pools,
          rand_demon_pan_entry_7, hell_entry, gammafunk_ghost_door_vault,
          serial_shops, nicolae_stop_n_shop_1, uniq_nikola
Depths:3: minmay_the_grid_3x3 [minmay_the_grid_embedded, minmay_the_grid_mess,
          minmay_the_grid_odd_star, minmay_the_grid_garden,
          minmay_the_grid_tri_star, minmay_the_grid_tiny_cups,
          minmay_the_grid_x, minmay_the_grid_diamond_grid,
          minmay_the_grid_prize_diamond_cup], layout_cave_pools, hell_entry,
          rand_demon_pan_entry_4, serial_shops, nicolae_square_shop,
          nicolae_diamond_shop, nicolae_shop_window_shopping,
          nicolae_abyss_entry_one_way_or_another, nzn_wu_jian_council_hall
Depths:4: evilmike_zot_entry_basic, layout_gridlike, serial_shops,
          nicolae_square_shop, infiniplex_enter_wizlab_spiral,
          kiku_gazebo_pond_becter, hellmouth_1
Hell
Tar:1:    layout_grid_maze, nicolae_tar_cuneiform_three
Zot:1:    layout_basic
Zot:2:    gammafunk_mikee_crab_dinner, layout_misc_corridors,
          lemuel_lake_of_fire, grunt_megastairs_3
Zot:3:    layout_cathedral_of_symmetry, grunt_ministairs_13, st_stairs_10
Zot:4:    layout_basic
Zot:5:    layout_basic

Skill      XL: |  1  2  3  4  5  6  7  8  9 10 11 12 13 14 15 16 17 18 19 20 21 22 23 24 25 26 27 |
---------------+----------------------------------------------------------------------------------+-----
Unarmed Combat | 4 5 6 7 8 10 12 14 15 | 15.1
Stealth        | 3 |  3.4
Throwing       | 1 2 3 4 6 9 10 11 12 17 | 17.1
Armour         | 1 2 3 4 7 8 9 10 11 12 14 15 16 18 20 | 20.5
Dodging        | 4 6 7 8 9 10 11 12 14 15 16 18 20 | 20.4
Invocations    | 3 7 10 11 13 14 15 20 | 20.0
Fighting       | 4 7 10 11 14 15 16 18 19 20 | 20.0
Shields        | 1 5 |  5.0
Axes           | 10 13 14 16 18 19 20 21 22 | 22.0
Evocations     | 3 8 11 12 | 12.0
Spellcasting   | 5 |  5.0
Translocations | 7 8 |  8.5

Action                   |  1- 3 |  4- 6 |  7- 9 | 10-12 | 13-15 | 16-18 | 19-21 | 22-24 | 25-27 || total
-------------------------+-------+-------+-------+-------+-------+-------+-------+-------+-------++-------
Melee: Unarmed           |   103 |   164 |   370 |   796 |  1265 |  1499 |   515 |       |       ||  4712
       Punch             |     2 |     5 |    15 |    61 |       |       |       |       |       ||    83
       Broad axe         |       |       |       |       |       |   486 |       |       |       ||   486
       Executioner's axe |       |       |       |       |       |       |   846 |  1405 |  2361 ||  4612
       Battleaxe         |       |       |       |       |       |       |       |       |    23 ||    23
Throw: Dart              |       |     5 |    19 |    45 |    72 |     2 |     5 |       |       ||   148
       Boomerang         |       |       |     9 |    45 |    90 |   194 |   279 |    25 |    64 ||   706
       Javelin           |       |       |       |    14 |    22 |    72 |   155 |    19 |   143 ||   425
       Throwing net      |       |       |       |       |     1 |       |       |     3 |     1 ||     5
 Cast: Apportation       |       |       |       |       |       |       |    11 |     2 |    47 ||    60
Invok: Heroism           |       |       |     6 |    29 |    35 |    29 |    23 |    18 |    28 ||   168
       Finesse           |       |       |       |     5 |    16 |    16 |     7 |     8 |    12 ||    64
Evoke: Wand              |       |       |     2 |       |     4 |     9 |    30 |     1 |     7 ||    53
       Lightning rod     |       |       |       |       |     1 |       |       |       |       ||     1
       Condenser vane    |       |       |       |       |       |       |       |     1 |     1 ||     2
  Use: Scroll            |       |     3 |     5 |     3 |     8 |    11 |    13 |     2 |    25 ||    70
       Potion            |       |     1 |     5 |     1 |     2 |     4 |     5 |     2 |    17 ||    37
 Stab: Distracted        |     1 |       |       |       |       |       |       |       |       ||     1
       Sleeping          |    11 |     2 |     2 |       |     3 |       |     3 |       |       ||    21
       Invisible         |       |       |       |     2 |       |     4 |       |       |       ||     6
       Held in net/web   |       |       |       |       |       |       |       |     1 |       ||     1
Armor: Robe              |     6 |       |       |       |       |       |       |       |       ||     6
       Ring mail         |     8 |    53 |    86 |       |       |       |       |       |       ||   147
       Scale mail        |       |       |    32 |   155 |       |       |       |       |       ||   187
       Acid dragon scale |       |       |       |    67 |   320 |    27 |       |       |       ||   414
       Plate armour      |       |       |       |       |       |  1066 |   458 |   956 |  1515 ||  3995
       Quicksilver drago |       |       |       |       |       |       |   242 |    19 |       ||   261
Dodge: Dodged            |    37 |    73 |   186 |   504 |   751 |  1101 |   744 |  1120 |  1742 ||  6258
Block: Buckler           |       |       |       |       |   245 |   447 |    84 |       |       ||   776

Table legend: (Time is in decaauts)
 A = Elapsed time spent in this place.
 B = Non-inter-level travel time spent in this place.
 C = Inter-level travel time spent in this place.
 D = Time resting spent in this place.
 E = Time spent auto-exploring this place.
 F = Levels seen in this place.
 G = Mean time per level.
                   A        B        C        D        E       F      G
               +--------+--------+--------+--------+--------+-----+--------+
         Total |  89861 |  81755 |   8106 |  18949 |  35892 |  63 | 1426.4 |
       Dungeon |  24005 |  21296 |   2709 |   6542 |   8056 |  15 | 1600.3 |
        Temple |     79 |     55 |     24 |      0 |      0 |   1 |   79.0 |
          Lair |   7548 |   6582 |    966 |   1470 |   2679 |   5 | 1509.6 |
        Shoals |   6678 |   6297 |    381 |   1423 |   2775 |   4 | 1669.5 |
     Snake Pit |   7650 |   7172 |    478 |   1881 |   3174 |   4 | 1912.5 |
    Slime Pits |   3862 |   3695 |    167 |    585 |   2317 |   5 |  772.4 |
  Orcish Mines |   2273 |   1775 |    498 |     38 |    830 |   2 | 1136.5 |
   Elven Halls |   4312 |   4027 |    285 |     70 |   2687 |   3 | 1437.3 |
        Vaults |   7838 |   6784 |   1054 |     67 |   4217 |   5 | 1567.6 |
         Crypt |   3774 |   3623 |    151 |    456 |   2413 |   3 | 1258.0 |
        Depths |  12069 |  11313 |    756 |   4590 |   3024 |   4 | 3017.2 |
          Hell |    962 |    890 |     72 |     38 |    659 |   1 |  962.0 |
      Tartarus |      6 |      6 |      0 |      0 |      0 |   1 |    6.0 |
           Zot |   7632 |   7070 |    562 |   1579 |   2950 |   5 | 1526.4 |
         Abyss |    281 |    281 |      0 |     48 |      0 |   2 |  140.5 |
        Bazaar |     88 |     88 |      0 |      0 |      0 |   2 |   44.0 |
        Wizlab |    796 |    796 |      0 |    160 |    109 |   1 |  796.0 |
               +--------+--------+--------+--------+--------+-----+--------+

Top non-repeatable levels by time:
Depths:1: 6281 daAuts
    D:15: 4372 daAuts
 Snake:4: 2699 daAuts
  Lair:5: 2473 daAuts
Depths:2: 2381 daAuts
     D:8: 2311 daAuts
Shoals:4: 2207 daAuts
 Snake:2: 1998 daAuts
Shoals:3: 1967 daAuts
    D:10: 1945 daAuts
   Zot:3: 1923 daAuts
     D:9: 1873 daAuts
   Zot:5: 1791 daAuts
Depths:4: 1786 daAuts
Vaults:4: 1757 daAuts
